 Dungeon Crawl Stone Soup version 0.29.1-2-gbd0b4ee654 (webtiles) character file.

Game seed: 6519350109605309721

512 GorkyZ the Ducker (level 6, -10/48 HPs)
             Began as a Demonspawn Gladiator on Nov 17, 2022.
             Mangled by Pikel
             ... wielding a +0 whip of electrocution
              (18 damage)
             ... on level 3 of the Dungeon.
             The game lasted 00:25:54 (5121 turns).

GorkyZ the Ducker (Demonspawn Gladiator)            Turns: 5121, Time: 00:25:55

Health: -10/48     AC: 23    Str: 16    XL:     6   Next: 99%
Magic:  6/6        EV:  8    Int:  9    God:
Gold:   258        SH:  0    Dex: 15    Spells: 5/5 levels left

rFire   x x .      SeeInvis .   a - +1 trident
rCold   x x .      Faith    .   (no shield)
rNeg    . . .      Spirit   .   n - +0 chain mail
rPois   +          Reflect  .   q - +2 hat
rElec   .          Harm     .   (no cloak)
rCorr   .          Rampage  .   h - +2 pair of gloves
Will    .....                   (no boots)
Stlth   ..........              o - amulet of Elemental Vulnerability {rPois rF-- rC-- AC+8}
HPRegen 0.16/turn               (no ring)
MPRegen 0.10/turn               (no ring)

@: no status effects
A: horns 1, demonic guardian 1, powered by pain 2, sharp scales 1
a: no special abilities


You were on level 3 of the Dungeon.
You visited 1 branch of the dungeon, and saw 5 of its levels.

You collected 258 gold pieces.

Inventory:

Hand Weapons
 a - a +1 trident (weapon)
Missiles
 d - 3 throwing nets
 e - 5 javelins
 s - 7 poisoned darts (quivered)
Armour
 b - a +0 leather armour
 c - a +0 helmet
 f - a +0 scale mail
 h - a +2 pair of gloves (worn)
 n - a +0 chain mail (worn)
 q - a +2 hat (worn)
Jewellery
 g - an amulet of the acrobat
 o - the amulet of Elemental Vulnerability (around neck) {rPois rF-- rC-- AC+8}
   (You found it on level 2 of the Dungeon)

   [amulet of nothing]

   AC:        It affects your AC (+8).
   rF:        It makes you very vulnerable to fire.
   rC:        It makes you very vulnerable to cold.
   rPois:     It protects you from poison.
Wands
 k - a wand of flame (10)
 r - a wand of mindburst (6)
Scrolls
 i - 2 scrolls of poison
 j - 2 scrolls of magic mapping
 m - a scroll of enchant weapon
Potions
 l - a potion of might


   Skills:
 + Level 3.7 Fighting
 + Level 4.0 Polearms
 + Level 3.4 Throwing
 + Level 2.7 Armour
 + Level 4.0 Dodging


You had 5 spell levels left.
You didn't know any spells.
Your spell library contained the following spells:

 Spells                   Type           Power      Damage    Failure   Level
 Magic Dart               Conj           0%         1d3       100%        1
 Call Imp                 Summ           0%         N/A       100%        2
 Static Discharge         Conj/Air       0%         3-3/arc   100%        2
 Mephitic Cloud           Conj/Pois/Air  0%         N/A       100%        3
 Dispel Undead            Necr           0%         3d6       100%        4
 Sticky Flame             Conj/Fire      0%         2d3       100%        4


Dungeon Overview and Level Annotations

Branches:
Dungeon (5/15)
 Temple: D:4-7

Altars:

Shops:
D:3 (

Annotations:
D:3 Pikel


Innate Abilities, Weirdness & Mutations

You have a pair of small horns on your head.
A weak demonic guardian rushes to your aid.
You sometimes gain power by taking damage.
You are partially covered in razor-sharp scales. (AC +1, Slay +1)


Message History

The lemure is lightly wounded.
The lemure hits you but does no damage.
You hit the lemure but do no damage.
The lemure is lightly wounded.
The lemure hits you.
You puncture the lemure! Your headbutt misses the lemure.
The lemure is heavily wounded.
You completely miss Pikel. You hit the lemure. Your headbutt misses the lemure.
The lemure is severely wounded.
Pikel hits you with a +0 whip of electrocution.
The lemure closely misses you.
You completely miss the lemure.
The lemure is severely wounded.
Pikel barely misses you. The lemure hits you but does no damage.
You closely miss the lemure.
The lemure is severely wounded.
Pikel hits you with a +0 whip of electrocution.
You are electrocuted!
The lemure hits you but does no damage.
You hit the lemure.
The lemure is almost dead.
Pikel hits you but does no damage. The lemure hits you but does no damage.
You closely miss the lemure.
The lemure is almost dead.
Pikel hits you but does no damage. The lemure barely misses you.
You closely miss the lemure.
The lemure is almost dead.
Pikel zaps a wand.
The puff of flame hits you! The fire burns you terribly!
* * * LOW HITPOINT WARNING * * *
The now-empty wand crumbles to dust.
The lemure hits you but does no damage. Pikel hits you but does no damage.
The lemure hits you but does no damage.
You are too injured to fight recklessly!
You are too injured to fight recklessly!
Okay, then.
Pikel hits you but does no damage. Pikel attacks as you move away!
Pikel hits you with a +0 whip of electrocution.
* * * LOW HITPOINT WARNING * * *
You are electrocuted!!
You die...

#.# #.# #############... #.#
#K# #............... #.#
#.###.##########.... #.#
#.#............#....
#.#######...........).......
#.........#.#.......#.......
########.#.......#..#.......
#.#..##......#..#.###
#.#.@........<..#.# #
#.#>5K..........#.# #
#.#...#.......#.#.# #
####.#...#.......#.#.###
#....#.....#.......#....
######.####..................
#............................
#.........#.....####....#....
#.........#.....# ####.#....


You could see Pikel and a lemure.

Vanquished Creatures
  A water moccasin (D:4)
  A phantom (D:5)
  3 lemures
  A scorpion (D:4)
  2 hounds
  An iguana (D:4)
  An orc wizard (D:4)
  4 gnolls
  2 adders
  An ufetubus (D:4)
  2 dart slugs (D:3)
  7 orcs
  6 bats
  5 endoplasms
  2 giant cockroaches
  8 goblins
  7 hobgoblins
  8 jackals
  2 quokkas
  9 ball pythons
  5 frilled lizards
  7 kobolds
  3 rats
88 creatures vanquished.

Vanquished Creatures (collateral kills)
  A kobold (D:1)
1 creature vanquished.

Grand Total: 89 creatures vanquished

Notes
Turn   | Place    | Note
-------+----------+-------------------------------------------
     0 | D:1      | GorkyZ the Demonspawn Gladiator began the quest for the
                  | Orb.
     0 | D:1      | Reached XP level 1. HP: 16/16 MP: 1/1
   278 | D:1      | Gained mutation: A weak demonic guardian rushes to your
                  | aid. [demonic ancestry]
   278 | D:1      | Reached XP level 2. HP: 22/22 MP: 2/2
   398 | D:1      | Found a faded altar of an unknown god.
  1207 | D:2      | Gained mutation: You sometimes gain a little power by
                  | taking damage. [demonic ancestry]
  1207 | D:2      | Reached XP level 3. HP: 11/28 MP: 3/3
  1214 | D:2      | Reached skill level 1 in Armour
  2082 | D:3      | Found Kukkanu's Weapon Emporium.
  2436 | D:3      | Gained mutation: You are partially covered in razor-sharp
                  | scales. (AC +1, Slay +1) [demonic ancestry]
  2436 | D:3      | Reached XP level 4. HP: 22/34 MP: 4/4
  2791 | D:2      | Found the amulet of Elemental Vulnerability {rPois rF--
                  | rC-- AC+8}
  3399 | D:4      | Noticed a scorpion
  3406 | D:4      | Killed a scorpion
  3407 | D:4      | Gained mutation: You have a pair of small horns on your
                  | head. [demonic ancestry]
  3407 | D:4      | Reached XP level 5. HP: 40/41 MP: 5/5
  4027 | D:5      | Entered Level 5 of the Dungeon
  4035 | D:5      | Gained mutation: You sometimes gain power by taking damage.
                  | [demonic ancestry]
  4035 | D:5      | Reached XP level 6. HP: 44/47 MP: 6/6
  4114 | D:5      | Noticed Pikel
  4116 | D:5      | Noticed a water moccasin
  4150 | D:4      | Killed a water moccasin
  5121 | D:3      | Mangled by Pikel

Illustrated notes

Levels and vault maps discovered:
D:1:      minmay_arrival_split_and_join, layout_loops_ring,
          shapermc_ecumenical_altar_acropolis
D:2:      layout_basic
D:3:      minmay_angry_zag, layout_basic, serial_shops, nicolae_shop_stone
D:4:      layout_rooms, kennysheep_generic_room_6
D:5:      layout_gridville, portal_sewer_entry_f, uniq_grinder, uniq_sigmund,
          uniq_pikel

Skill      XL: |  1  2  3  4  5  6 |
---------------+-------------------+-----
Throwing       | 2 3 |  3.4
Polearms       | 3 4 |  4.0
Dodging        | 3 4 |  4.0
Armour         | 1 2 |  2.7
Fighting       | 3 |  3.7

Action                   |  1- 3 |  4- 6 || total
-------------------------+-------+-------++-------
Melee: Trident           |   144 |   156 ||   300
       Punch             |     1 |     1 ||     2
       Headbutt          |       |    24 ||    24
Throw: Dart              |       |     3 ||     3
  Use: Scroll            |     9 |     3 ||    12
       Potion            |     2 |     7 ||     9
 Stab: Sleeping          |     2 |       ||     2
Armor: Leather armour    |    58 |     1 ||    59
       Scale mail        |       |    20 ||    20
       Chain mail        |       |    83 ||    83
Dodge: Dodged            |   115 |   117 ||   232
